 Dungeon Crawl Stone Soup version 0.29.1-1-gd02db6906a (webtiles) character file.

Game seed: 4724893629427786062

121 styxcanada the Covert (level 4, -5/23 HPs)
             Began as a Spriggan Brigand on Oct 2, 2022.
             Killed by divine providence
             ... invoked by an orc priest
              (10 damage)
             ... on level 3 of the Dungeon.
             The game lasted 00:07:04 (1990 turns).

styxcanada the Covert (Spriggan Brigand)            Turns: 1990, Time: 00:07:05

Health: -5/23      AC:  3    Str:  7    XL:     4   Next: 76%
Magic:  5/5        EV: 17    Int: 12    God:
Gold:   137        SH:  0    Dex: 18    Spells: 3/3 levels left

rFire   . . .      SeeInvis +   a - +2 dagger
rCold   . . .      Faith    .   (no shield)
rNeg    . . .      Spirit   .   b - +0 robe
rPois   .          Reflect  .   (helmet restricted)
rElec   .          Harm     .   c - +0 cloak
rCorr   .          Rampage  .   (gloves unavailable)
Will    .....                   (boots unavailable)
Stlth   ++++......              s - amulet of magic regeneration
HPRegen 0.07/turn               (no ring)
MPRegen 0.49/turn               (no ring)

@: very quick
A: very small, no large weapons, unfitting armour, see invisible, speed 3
a: no special abilities


You were on level 3 of the Dungeon.
You visited 1 branch of the dungeon, and saw 3 of its levels.

You collected 137 gold pieces.

Inventory:

Hand Weapons
 a - a +2 dagger (weapon)
 g - a +0 sling
Missiles
 d - 5 poisoned darts (quivered)
 e - 3 curare-tipped darts
 i - 11 stones
Armour
 b - a +0 robe (worn)
 c - a +0 cloak (worn)
Jewellery
 s - an amulet of magic regeneration (around neck)
Scrolls
 f - 4 scrolls of identify {unknown}
 j - 2 scrolls of teleportation {unknown}
 k - 3 scrolls of enchant weapon {unknown}
 p - a scroll of immolation {unknown}
 q - a scroll of fog {unknown}
 t - a scroll of amnesia {unknown}
 u - a scroll of fear {unknown}
Potions
 h - a potion of attraction {unknown}
 l - a potion of haste {unknown}
 m - a potion of invisibility {unknown}
 n - a potion of resistance {unknown}
 o - a potion of degeneration {unknown}
 r - a potion of flight {unknown}


   Skills:
 * Level 2.1 Fighting
 + Level 3.0 Short Blades
 + Level 2.0 Throwing
 * Level 2.4 Dodging
 * Level 8.0 Stealth


You had 3 spell levels left.
You didn't know any spells.
Your spell library was empty.

Dungeon Overview and Level Annotations

Branches:
Dungeon (3/15)

Altars:


Innate Abilities, Weirdness & Mutations

You are very small and have problems with some larger weapons.
You are too small for most types of armour.
You have supernaturally acute eyesight. (SInv)
You cover ground extremely quickly. (Speed+++)


Message History

You aren't carrying any items that you can evoke.
You don't know any spells.
Your library has no spells.
Throw: 7 darts (poison)
Press: ? - help, Q - select action, (/) - cycle Shift-Dir - straight line, f/p - orc
Aim: an orc, wielding a +0 club and wearing a +0 leather armour (moderately wounded, 63% to hit)
You throw a poisoned dart. The poisoned dart hits the orc.
The orc is poisoned.
The orc is moderately wounded.
Throw: 6 darts (poison)
Press: ? - help, Q - select action, (/) - cycle Shift-Dir - straight line, f/p - orc
Aim: an orc, wielding a +0 club and wearing a +0 leather armour (moderately wounded, poisoned, 63% to hit)
You throw a poisoned dart. The poisoned dart hits the orc.
The orc looks even sicker.
The orc is moderately wounded.
You hit the orc.
The orc is severely wounded.
The orc hits you with a +0 club.
The orc priest begins to cast a cantrip, but forgets the words!
You hit the orc.
You kill the orc!
The orc priest calls down the wrath of Beogh upon you.
Pain shoots through your body!
* * * LOW HITPOINT WARNING * * *
Your Short Blades skill increases to level 3!
A ball python comes into view.
The ball python hisses angrily.
You hit the ball python.
The ball python is severely wounded.
The ball python barely misses you. The ball python closely misses you.
You closely miss the ball python.
The ball python is severely wounded.
The ball python closely misses you. The ball python barely misses you.
You barely miss the ball python.
The ball python is severely wounded.
The ball python misses you. The ball python closely misses you.
You hit the ball python.
You kill the ball python!
The orc priest calls down the wrath of Beogh upon you.
Beogh smites you!
You die...

##.####..##.#########.o.....#
#..#.....##.##....).###.....#
#.†......##.o.......# #.....#
#...#########.......# #######
#...# #.......# ##)##
#.......# #.# ##......###
#.###########..........
#..........##@....#####
#######.....<###...#
#.#.######.#....
#.#.....##...###
#.##....##....
#..........#### ###......##
#.#.##.# ###.#....#


You could see an orc priest.

Vanquished Creatures
  A scorpion (D:3)
  2 adders
  2 dart slugs (D:1)
  3 orcs (D:3)
  4 ball pythons
  A bat (D:2)
  4 endoplasms
  A giant cockroach (D:2)
  7 goblins
  3 hobgoblins
  4 kobolds
  3 frilled lizards
  2 rats (D:1)
37 creatures vanquished.

Notes
Turn   | Place    | Note
-------+----------+-------------------------------------------
     0 | D:1      | styxcanada the Spriggan Brigand began the quest for the
                  | Orb.
     0 | D:1      | Reached XP level 1. HP: 10/10 MP: 2/2
    51 | D:1      | Reached skill level 6 in Stealth
   322 | D:1      | Reached XP level 2. HP: 10/15 MP: 3/3
   324 | D:1      | Found a faded altar of an unknown god.
  1186 | D:2      | Reached XP level 3. HP: 18/18 MP: 4/4
  1708 | D:2      | Reached skill level 7 in Stealth
  1816 | D:3      | Noticed a scorpion
  1846 | D:3      | Killed a scorpion
  1847 | D:3      | Reached XP level 4. HP: 23/23 MP: 5/5
  1879 | D:3      | Reached skill level 8 in Stealth
  1990 | D:3      | Killed from afar by an orc priest

Illustrated notes

Levels and vault maps discovered:
D:1:      evilmike_arrival_grusome_pit, layout_basic,
          ebering_ecumenical_altar_webs, minmay_pentomino_s2
D:2:      layout_basic
D:3:      minmay_general_purpose_star, layout_basic

Skill      XL: |  1  2  3  4 |
---------------+-------------+-----
Stealth        | 6 7 8 |  8.0
Dodging        | 2 |  2.4
Fighting       | 2 |  2.1
Short Blades   | 3 |  3.0
Throwing       | |  2.0

Action                   |  1- 3 |  4- 6 || total
-------------------------+-------+-------++-------
Melee: Dagger            |    65 |    12 ||    77
Throw: Dart              |     3 |    11 ||    14
 Stab: Sleeping          |    15 |     1 ||    16
Armor: Robe              |    11 |       ||    11
Dodge: Dodged            |    37 |    11 ||    48
